 Dungeon Crawl Stone Soup version 0.27.1-4-g1640c2035a (webtiles) character file.

Game seed: 10282698743340496876

1708 theEndsummarily the Magician (level 8, -1/52 HPs)
             Began as a Mummy Necromancer on Nov 17, 2021.
             Was an Initiate of Kikubaaqudgha.
             Slain by a wyvern (22 damage)
             ... on level 7 of the Dungeon.
             The game lasted 00:39:57 (9173 turns).

theEndsummarily the Magician (Mummy Necromancer)    Turns: 9173, Time: 00:39:58

Health: -1/52      AC:  8    Str: 11    XL:     8   Next: 73%
Magic:  18/18      EV: 13    Int: 23    God:    Kikubaaqudgha [......]
Gold:   490        SH:  0    Dex: 12    Spells: 14/21 levels left

rFire    x . .     SeeInvis .   k - +2 dagger (venom)
rCold    + + .     Faith    .   (no shield)
rNeg     + + +     Spirit   .   l - +2 leather armour {rC+}
rPois    ∞         Reflect  .   e - +0 helmet
rElec    .         Harm     .   c - +0 cloak
rCorr    .         Rampage  .   (no gloves)
Will     +....                  h - +0 pair of boots
Stlth    +++.......             (no amulet)
HPRegen  0.17/turn              x - +6 ring of intelligence
MPRegen  0.16/turn              q - ring of wizardry

@: no status effects
A: cold resistance 1, negative energy resistance 3, torment resistance 2, heat
vulnerability 1, no potions
a: Renounce Religion


You were on level 7 of the Dungeon.
You worshipped Kikubaaqudgha.
Kikubaaqudgha was noncommittal.
You visited 2 branches of the dungeon, and saw 8 of its levels.

You collected 490 gold pieces.

Inventory:

Hand Weapons
 k - a +2 dagger of venom (weapon)
Missiles
 a - 4 javelins
 f - 55 poisoned darts
 r - 11 boomerangs
 w - a curare-tipped dart
Armour
 c - a +0 cloak (worn)
 e - a +0 helmet (worn)
 h - a +0 pair of boots (worn)
 l - a +2 leather armour of cold resistance (worn)
Magical Staves
 n - a staff of air
Jewellery
 m - a ring of magical power
 q - a ring of wizardry (right hand)
 x - a +6 ring of intelligence (left hand)
 A - the ring of Ytoagh {Fly rF+ rN+ Stlth+}
   (You found it on level 7 of the Dungeon)

   [ring of flight]

   rF:        It protects you from fire.
   rN:        It protects you from negative energy.
   Fly:       It grants you flight.
   Stlth:     It makes you more stealthy.
Wands
 d - a wand of iceblast (2)
 y - a wand of acid (8)
Scrolls
 b - 2 scrolls of enchant weapon
 g - 4 scrolls of fog
 i - a scroll of silence
 j - 2 scrolls of fear
 o - a scroll of vulnerability {unknown}
 p - a scroll of noise {unknown}
 s - a scroll of blinking {unknown}
 t - 2 scrolls of teleportation
 u - a scroll of torment {unknown}
 v - a scroll of enchant armour {unknown}
 z - a scroll of immolation {unknown}


   Skills:
 + Level 4.9 Dodging
 + Level 5.3 Stealth
 + Level 7.2 Spellcasting
 + Level 6.8 Necromancy


You had 14 spell levels left.
You knew the following spells:

 Your Spells              Type           Power      Damage    Failure   Level
a - Pain                  Necr           100%       1d9       1%          1
b - Blink                 Tloc           N/A        N/A       6%          2
c - Vampiric Draining     Necr           19%        2d8       1%          3
s - Animate Skeleton      Necr           78%        N/A       1%          1

Your spell library contained the following spells:

 Spells                   Type           Power      Damage    Failure   Level
 Animate Dead             Necr           19%        N/A       2%          4
 Agony                    Necr           39%        N/A       7%          5
 Lesser Beckoning         Tloc           4%         N/A       12%         3
 Manifold Assault         Tloc           8%         N/A       69%         5
 Dispersal                Tloc           4%         N/A       99%         6
 Disjunction              Tloc           4%         N/A       100%        8


Dungeon Overview and Level Annotations

Branches:
Dungeon (7/15)             Temple (1/1) D:7

Altars:
Ashenzari
Cheibriados
Dithmenos
Elyvilon
Fedhas
Gozag
Hepliaklqana
Kikubaaqudgha
Makhleb
Nemelex Xobeh
Okawaru
Qazlal
Ru
Sif Muna
Trog
Uskayaw
Vehumet
Wu Jian
Xom
Yredelemnul
Zin
The Shining One

Shops:
D:6 ?   D:7 *[:

Annotations:
D:2 1 runed translucent door, Crazy Yiuf
D:7 1 transporter, porpoise's ghost, novice DECj


Innate Abilities, Weirdness & Mutations

You are immune to poison.
Your flesh is cold resistant. (rC+)
You are immune to negative energy. (rN+++)
You are immune to unholy pain and torment.
You are vulnerable to heat. (rF-)
You do not drink.


Message History

Found a transporter.
A wyvern and a moth of wrath come into view.
The bullfrog gives a loud, deep croak!
The wyvern hisses angrily.
A bullfrog comes into view.
Porpoise's ghost hits you but does no damage.
The moth of wrath goads the bullfrog on!
The bullfrog goes berserk!
The wyvern closely misses you.
The wyvern bites you but does no damage.
The wyvern barely misses you. The bullfrog misses you.
The bullfrog gives a loud, deep croak!
The bullfrog hits you. x2
You see here the ring of Ytoagh {Fly rF+ rN+ Stlth+}.
A - the ring of Ytoagh {Fly rF+ rN+ Stlth+} The bullfrog misses you.
The wyvern closely misses you. The bullfrog barely misses you.
The moth of wrath goads the wyvern on!
The wyvern goes berserk!
The wyvern completely misses you.
Casting: Vampiric Draining (safe; 1% risk of failure)
Confirm with . or Enter, or press ? or * to list all spells.
You blink.
The bullfrog rages.
The bullfrog closely misses you.
The bullfrog hits you but does no damage.
The bullfrog rages.
The bullfrog closely misses you. The bullfrog hits you!
The bullfrog hits you but does no damage.
The bullfrog misses you.
The bullfrog hits you but does no damage.
The bullfrog hits you but does no damage.
The wyvern misses you. The bullfrog completely misses you.
The wyvern bites you. The bullfrog hits you. The wyvern misses you.
The moth of wrath goads the bullfrog on!
The bullfrog goes berserk!
The wyvern barely misses you. The wyvern completely misses you.
The bullfrog closely misses you. The wyvern barely misses you.
The bullfrog barely misses you.
The bullfrog rages.
The wyvern bites you! The wyvern bites you!!
You die...
Kikubaaqudgha rasps: "You have failed me!
Welcome... oblivion!"

#.##..#.W..##.# #.#.#...#...#.#
#.#..#.##..##.# #.##.#...#.#
##..#$#...y.## #..©#[..©#...#
#...#$.#..F#.# #..##....F#l##
#..#..#.#..@# #..#..#.#...#
#..##......©#.
##!..###...###.#########
####..#...#####...#.......######
.......>........ ...............
#.######.######## #.......######
#..(..# ##............ #.....#
#.....#####..


You could see a moth of wrath, a wyvern (berserk) and 2 bullfrogs.

Vanquished Creatures
  Menkaure (D:6)
  A water moccasin (D:6)
  An orc warrior (D:7)
  2 sky beasts (D:5)
  A kobold brigand (D:7)
  A bullfrog (D:6)
  Blork the orc (D:6)
  3 scorpions
  3 wyvern skeletons
  A jelly (D:6)
  A howler monkey (D:6)
  A centaur zombie (D:6)
  A bullfrog zombie (D:6)
  5 orc priests
  2 hounds
  An iguana (D:6)
  2 orc wizards
  A killer bee zombie (D:7)
  Robin (D:2)
  10 adders
  A white imp (D:6)
  3 ufetubi
  4 worms
  15 orcs
  A bat (D:3)
  6 endoplasms
  7 giant cockroaches
  14 goblins
  11 hobgoblins
  4 quokkas
  6 ball pythons
  3 frilled lizards
  13 kobolds
  3 rats (D:1)
131 creatures vanquished.

Vanquished Creatures (collateral kills)
  An orc (D:5)
1 creature vanquished.

Vanquished Creatures (others)
  A fungus (D:2)
1 creature vanquished.

Grand Total: 133 creatures vanquished

Notes
Turn   | Place    | Note
-------+----------+-------------------------------------------
     0 | D:1      | theEndsummarily the Mummy Necromancer began the quest for
                  | the Orb.
     0 | D:1      | Reached XP level 1. HP: 13/13 MP: 4/4
   132 | D:1      | Found a faded altar of an unknown god.
   396 | D:1      | Reached XP level 2. HP: 19/19 MP: 3/5
   562 | D:1      | Reached skill level 3 in Spellcasting
   997 | D:2      | Reached XP level 3. HP: 21/24 MP: 3/7
  1280 | D:2      | Noticed Robin
  1353 | D:2      | Killed Robin
  1622 | D:2      | Reached XP level 4. HP: 30/30 MP: 9/9
  1651 | D:2      | Found a shimmering altar of Xom.
  1856 | D:2      | Found a runed translucent door.
  1857 | D:2      | Noticed Crazy Yiuf
  1862 | D:2      | Learned a level 1 spell: Animate Skeleton
  2393 | D:3      | Noticed a necrophage
  3512 | D:4      | Reached skill level 4 in Spellcasting
  3512 | D:4      | Reached XP level 5. HP: 20/35 MP: 5/11
  4080 | D:4      | Reached skill level 5 in Necromancy
  4157 | D:4      | Reached XP level 6. HP: 41/41 MP: 9/12
  4334 | D:5      | Entered Level 5 of the Dungeon
  4908 | D:5      | Noticed a sky beast
  4912 | D:5      | Killed a sky beast
  4913 | D:5      | Reached skill level 5 in Spellcasting
  4927 | D:5      | HP: 2/41 [wyvern skeleton (11)]
  4934 | D:5      | HP: 2/41 [wyvern skeleton (1)]
  5379 | D:5      | Noticed a sky beast
  5396 | D:5      | Killed a sky beast
  5397 | D:5      | Reached XP level 7. HP: 28/46 MP: 14/14
  6263 | D:6      | Found Wuice's Magic Scroll Shop.
  6270 | D:6      | Noticed Menkaure
  6387 | D:6      | Killed Menkaure
  6388 | D:6      | Reached skill level 6 in Spellcasting
  6745 | D:6      | Reached XP level 8. HP: 52/52 MP: 17/17
  6793 | D:6      | Noticed Blork the orc
  6822 | D:6      | Killed Blork the orc
  7865 | D:7      | Learned a level 3 spell: Vampiric Draining
  7868 | D:7      | Learned a level 2 spell: Blink
  7928 | D:7      | Found Focuij's Book Shoppe.
  7983 | D:7      | Found Libusiad's Antique Armour Shop.
  7997 | D:7      | Found Waecuq's Assorted Antiques.
  8013 | D:7      | Reached skill level 5 in Stealth
  8232 | D:7      | Reached skill level 7 in Spellcasting
  8335 | D:7      | Found a staircase to the Ecumenical Temple.
  8346 | Temple   | Entered the Ecumenical Temple
  8550 | Temple   | Became a worshipper of Kikubaaqudgha
  9125 | D:7      | Found a transporter.
  9129 | D:7      | Noticed porpoise's ghost (novice DECj)
  9154 | D:7      | Found a transporter.
  9155 | D:7      | Noticed a moth of wrath
  9159 | D:7      | Identified the ring of Ytoagh {Fly rF+ rN+ Stlth+}
  9173 | D:7      | Slain by a wyvern

Illustrated notes

Levels and vault maps discovered:
D:1:      dpeg_arrival_central, layout_basic,
          chequers_ecumenical_altar_simple_redux
D:2:      layout_loops_corners, basic_altar, uniq_crazy_yiuf_cottage, uniq_robin
D:3:      layout_loops_ring
D:4:      layout_loops_ring, minmay_statues_item, minmay_misc_feat_plants
D:5:      layout_loops_ring, minmay_misc_feat_diagonals
D:6:      layout_rooms, serial_shops, shop, portal_sewer_entry_f,
          kennysheep_big_empty_room, minmay_misc_feat_cross, uniq_menkaure,
          uniq_blork_the_orc
D:7:      layout_basic, mainiacjoe_overflow_surrounded_room,
          minmay_temple_entry_slanted, serial_shops, nicolae_shop_crystal,
          nicolae_shop_overgrown_old_shop, nicolae_shop_overgrown_old_shop,
          gammafunk_ghost_berserking_beasts
Temple:   nicolae_temple_the_god_donut

Skill      XL: |  1  2  3  4  5  6  7  8 |
---------------+-------------------------+-----
Spellcasting   | 3 4 5 6 7 |  7.2
Stealth        | 2 3 4 5 |  5.3
Dodging        | 2 3 4 |  4.9
Necromancy     | 5 6 |  6.8

Action                   |  1- 3 |  4- 6 |  7- 9 || total
-------------------------+-------+-------+-------++-------
Melee: Unarmed           |    10 |       |       ||    10
       Dagger            |    47 |   132 |   190 ||   369
       Short sword       |    10 |       |       ||    10
Throw: Javelin           |       |       |     5 ||     5
       Dart              |       |       |     3 ||     3
       Boomerang         |       |       |     1 ||     1
 Cast: Pain              |    47 |    77 |    33 ||   157
       Animate Skeleton  |       |     4 |     3 ||     7
       Blink             |       |       |     2 ||     2
       Vampiric Draining |       |       |     2 ||     2
Evoke: Wand              |       |     3 |     5 ||     8
  Use: Scroll            |       |     4 |     1 ||     5
 Stab: Sleeping          |     2 |     2 |     1 ||     5
       Distracted        |       |       |     2 ||     2
Armor: Robe              |    12 |    15 |       ||    27
       Leather armour    |       |    23 |    82 ||   105
Dodge: Dodged            |    34 |    76 |   175 ||   285
